 Dungeon Crawl Stone Soup version 0.28.0-43-g3370ac3207 (webtiles) character file.

Game seed: 3390165262588465871

2561 safid the Severer (level 9, -1/71 HPs)
             Began as a Hill Orc Fighter on Mar 16, 2022.
             Was a Follower of Beogh.
             Slain by a vampire mosquito (9 damage)
             ... on level 7 of the Dungeon.
             The game lasted 00:09:48 (5749 turns).

safid the Severer (Hill Orc Fighter)                Turns: 5749, Time: 00:09:49

Health: -1/71      AC: 11    Str: 23    XL:     9   Next: 56%
Magic:  9/9        EV:  7    Int:  8    God:    Beogh [*.....]
Gold:   271        SH:  4    Dex: 10    Spells: 8/8 levels left

rFire   . . .      SeeInvis +   a - +0 war axe
rCold   + . .      Faith    +   c - +0 buckler
rNeg    . . .      Spirit   .   k - +1 chain mail of the Vacuum {rC+ Regen+}
rPois   .          Reflect  .   m - +0 helmet
rElec   .          Harm     .   (no cloak)
rCorr   .          Rampage  .   (no gloves)
Will    .....                   (no boots)
Stlth   ..........              w - amulet of faith
HPRegen 1.01/turn               b - ring of see invisible
MPRegen 0.11/turn               (no ring)

@: about to teleport
A: no striking features
a: Renounce Religion


You were on level 7 of the Dungeon.
You worshipped Beogh.
Beogh was aware of your devotion.
You visited 1 branch of the dungeon, and saw 7 of its levels.

You collected 301 gold pieces.
You spent 30 gold pieces at shops.

Inventory:

Hand Weapons
 a - a +0 war axe (weapon)
Armour
 c - a +0 buckler (worn)
 k - the +1 chain mail of the Vacuum (worn) {rC+ Regen+}
   (You found it on level 2 of the Dungeon)

   rC:        It protects you from cold.
   Regen:     It increases your rate of health regeneration.
 m - a +0 helmet (worn)
Jewellery
 b - a ring of see invisible (left hand)
 q - a ring of magical power
 w - an amulet of faith (around neck)
Wands
 j - a wand of polymorph (13)
 x - a wand of paralysis (12)
Scrolls
 d - a scroll of fear
 f - a scroll of enchant armour
 g - a scroll of identify
 h - 3 scrolls of teleportation
 i - a scroll of magic mapping
 l - a scroll of holy word {unknown}
 u - a scroll of vulnerability {unknown}
 v - a scroll of noise {unknown}
Potions
 e - a potion of haste
 n - 2 potions of flight
 o - a potion of mutation
 p - 4 potions of attraction
 s - a potion of might
 t - a potion of resistance {unknown}


   Skills:
 - Level 4.0 Fighting
 + Level 15.8 Axes
 - Level 4.0 Armour
 - Level 4.0 Shields


You had 8 spell levels left.
You didn't know any spells.
Your spell library was empty.

Dungeon Overview and Level Annotations

Branches:
Dungeon (7/15)             Temple (0/1) D:5

Altars:
Fedhas
Nemelex Xobeh
Qazlal
Ru
Sif Muna
The Shining One

Shops:
D:2 !

Annotations:
D:4 1 runed translucent door, Crazy Yiuf
D:6 1 runed translucent door, Ekaitz's ghost, novice DsFE


Message History

You block the vampire mosquito's attack.
You closely miss the vampire mosquito.
The vampire mosquito is moderately damaged.
The vampire mosquito bites you but does no damage.
You closely miss the vampire mosquito.
The vampire mosquito is moderately damaged.
The vampire mosquito bites you.
The vampire mosquito draws strength from your injuries!
The vampire mosquito bites you but does no damage.
You hit the vampire mosquito.
The vampire mosquito is moderately damaged.
The vampire mosquito bites you.
The vampire mosquito draws strength from your injuries!
You closely miss the vampire mosquito.
The vampire mosquito is moderately damaged.
The vampire mosquito bites you.
The vampire mosquito draws strength from your injuries!
You hit the vampire mosquito.
The vampire mosquito is moderately damaged.
The vampire mosquito bites you but does no damage.
The vampire mosquito bites you!
* * * LOW HITPOINT WARNING * * *
The vampire mosquito draws strength from your injuries!
You hit the vampire mosquito.
The vampire mosquito is moderately damaged.
The vampire mosquito barely misses you.
You hit the vampire mosquito but do no damage.
The vampire mosquito is moderately damaged.
The vampire mosquito bites you!
* * * LOW HITPOINT WARNING * * *
The vampire mosquito draws strength from your injuries!
The vampire mosquito bites you.
* * * LOW HITPOINT WARNING * * *
The vampire mosquito draws strength from your injuries!
As you read the scroll of teleportation, it crumbles to dust.
You feel strangely unstable. The vampire mosquito bites you.
* * * LOW HITPOINT WARNING * * *
The vampire mosquito draws strength from your injuries!
The vampire mosquito bites you!
You die...

#...###.........
...## ##....##..#
...# ##..####..#
....###...# #..#
##........## #..# ##
###...#...###..# ..
##.####...#...# ##.#
###...#
##......###..#
#.....# #......@...#
......####...####y†##
.##..))).....# ##.#
#####.#......# ..#
##..##.....## #.#
#..###..#...# #..
##..# #..##..## #.###
##...# ##..#...##..#
#....# #..##...#.##


You could see a vampire mosquito.

Vanquished Creatures
  Pikel (D:4)
  A shadow (D:6)
  A vampire (D:4)
  A vampire mosquito (D:7)
  2 acid dragons
  Duvessa (D:5)
  2 ice beasts (D:6)
  A sky beast (D:6)
  A black bear (D:6)
  2 phantoms (D:6)
  A kobold brigand (D:7)
  A bullfrog (D:6)
  2 scorpions
  Dowan (D:5)
  A bullfrog zombie (D:6)
  A hound (D:5)
  A jelly (D:6)
  A bullfrog skeleton (D:6)
  2 centaur skeletons
  A scorpion zombie (D:5)
  A killer bee zombie (D:6)
  10 gnolls
  A howler monkey skeleton (D:5)
  8 adders
  A white imp (D:6)
  2 adder skeletons
  2 worms (D:2)
  4 dart slugs
  2 orcs
  4 bats
  10 endoplasms
  6 goblins
  6 hobgoblins
  6 jackals
  16 kobolds
  6 quokkas
  6 ball pythons
  A frilled lizard (D:3)
  8 rats
125 creatures vanquished.

Vanquished Creatures (others)
  2 gnolls (D:5)
  A kobold (D:4)
  3 plants (D:2)
  2 withered plants (D:6)
8 creatures vanquished.

Grand Total: 133 creatures vanquished

Notes
Turn   | Place    | Note
-------+----------+-------------------------------------------
     0 | D:1      | safid the Hill Orc Fighter began the quest for the Orb.
     0 | D:1      | Reached XP level 1. HP: 19/19 MP: 1/1
   232 | D:1      | Reached skill level 3 in Axes
   232 | D:1      | Reached XP level 2. HP: 23/27 MP: 2/2
   603 | D:1      | Found a faded altar of an unknown god.
   776 | D:2      | Reached XP level 3. HP: 29/33 MP: 3/3
  1159 | D:2      | Found Danileb's Distillery.
  1167 | D:2      | Bought a potion of curing for 30 gold pieces
  1285 | D:2      | Reached XP level 4. HP: 35/40 MP: 4/4
  1294 | D:2      | Reached skill level 4 in Axes
  1303 | D:2      | Identified the +1 chain mail of the Vacuum {rC+ Regen+}
  1542 | D:2      | Reached skill level 5 in Axes
  1987 | D:3      | Reached XP level 5. HP: 46/46 MP: 5/5
  2025 | D:3      | Found a sparkling altar of Nemelex Xobeh.
  2119 | D:3      | Found a blossoming altar of Fedhas.
  2120 | D:3      | Found a stormy altar of Qazlal.
  2261 | D:3      | Found a glowing golden altar of the Shining One.
  2639 | D:4      | Found a sacrificial altar of Ru.
  2639 | D:4      | Noticed Pikel
  2639 | D:4      | Noticed a lemure
  2639 | D:4      | Noticed a lemure
  2674 | D:4      | Noticed a lemure
  2684 | D:4      | Noticed a lemure
  2685 | D:4      | Killed Pikel
  2686 | D:4      | Reached skill level 9 in Axes
  2686 | D:4      | Reached XP level 6. HP: 6/52 MP: 6/6
  2686 | D:4      | Reached XP level 7. HP: 7/59 MP: 7/7
  2863 | D:4      | You fall into a shaft and drop 1 floor!
  2863 | D:5      | Entered Level 5 of the Dungeon
  2874 | D:5      | Found a staircase to the Ecumenical Temple.
  2926 | D:4      | Found a shimmering blue altar of Sif Muna.
  2935 | D:4      | Reached skill level 10 in Axes
  3101 | D:4      | Became a worshipper of Beogh the Brigand
  3253 | D:4      | Found a runed translucent door.
  3254 | D:4      | Noticed Crazy Yiuf
  3583 | D:5      | Reached skill level 11 in Axes
  3583 | D:5      | Reached XP level 8. HP: 43/66 MP: 8/8
  3659 | D:5      | Noticed Duvessa
  3659 | D:5      | Noticed Dowan
  3665 | D:5      | Killed Duvessa
  3839 | D:5      | Noticed a vampire
  3993 | D:4      | Killed a vampire
  3994 | D:4      | Reached skill level 12 in Axes
  4034 | D:5      | Killed Dowan
  4505 | D:6      | Reached skill level 13 in Axes
  4684 | D:6      | Reached skill level 14 in Axes
  4684 | D:6      | Reached XP level 9. HP: 60/71 MP: 9/9
  5041 | D:6      | Reached skill level 15 in Axes
  5109 | D:6      | Found a runed translucent door.
  5110 | D:6      | Noticed Ekaitz's ghost (novice DsFE)
  5112 | D:6      | Reached * piety under Beogh
  5749 | D:7      | Slain by a vampire mosquito

Illustrated notes

Levels and vault maps discovered:
D:1:      minmay_arrival_hallway, layout_basic,
          hellmonk_ecumenical_altar_crossroads
D:2:      minmay_spotlight, layout_loops_corners, serial_shops, shop,
          serial_park_tiny_1, grunt_ministairs_12, corexii_shack,
          ebering_dispersal_statue_hall
D:3:      layout_loops_cross, grunt_temple_overflow_forces_of_nature,
          mainiacjoe_overflow_catch_the_wave
D:4:      layout_loops_cross, nicolae_overflow_crystal_walls,
          nicolae_ru_awakened_eye, uniq_pikel, uniq_crazy_yiuf_cottage
D:5:      layout_loops_cross, minmay_temple_entry_from_below_a,
          lemuel_old_faithful, uniq_duvessa
D:6:      layout_layer_cave, gammafunk_ghost_grave
D:7:      layout_layer_cave

Skill      XL: |  1  2  3  4  5  6  7  8  9 |
---------------+----------------------------+-----
Axes           | 3 5 9 11 14 15 | 15.8
Fighting       | 4 |  4.0
Armour         | 4 |  4.0
Shields        | 4 |  4.0

Action                   |  1- 3 |  4- 6 |  7- 9 || total
-------------------------+-------+-------+-------++-------
Melee: War axe           |    77 |   111 |   295 ||   483
       Unarmed           |       |       |     8 ||     8
Invok: Convert to Beogh  |       |       |     1 ||     1
  Use: Potion            |       |     1 |     3 ||     4
       Scroll            |       |       |    10 ||    10
Armor: Scale mail        |    26 |     2 |       ||    28
       Chain mail        |       |    50 |   148 ||   198
       Skin              |       |       |     4 ||     4
Dodge: Dodged            |    41 |    36 |   119 ||   196
Block: Buckler           |    13 |    22 |    49 ||    84
